cohdb
Replays
Latest Replays
All Replays
Popular Replays
Top Player Replays
Match Explorer
How It Works
Community
CoH3 Stats
Reddit
Sign in to upload your games and track your stats! →
Sign in with Steam
Match 38096180
Unlisted
Match 38096180
Overview
Messages
Build Orders
End
Construct Barracks
Selects Advanced Infantry Battlegroup
Riflemen Squad
Riflemen Squad
Grenade Package
Selects Convert to Ranger Squad
Convert to Ranger Squad
Mechanized Support Center
Construct Medical Station
Riflemen Squad
Selects Designate Assault Position
Convert to Ranger Squad
Construct Motor Pool
M24 Chaffee Light Tank
Riflemen Squad
Selects Ranger Weapon Training
Convert to Ranger Squad
Riflemen Squad
Convert to Ranger Squad
Selects Ammunition Storage
Engineer Squad
Selects M2A1 105mm Howitzer Emplacement
Construct Tank Depot
M18 Hellcat Tank Destroyer
qZeto
BIOHAZARD
Mr.Feels
Der Wüstenfuchs
0
0
Comments
sign in to comment!
No comments posted yet!